 Dungeon Crawl Stone Soup version 0.27.0-1-g7a089689b8 (webtiles) character file.

Game seed: 15529859025559637036

2 SnakkuSnakku7 the Caller (level 1, 0/14 HPs)
             Began as a Demigod Summoner on Aug 3, 2021.
             Slain by a jackal (3 damage)
             ... on level 1 of the Dungeon.
             The game lasted 00:00:20 (226 turns).

SnakkuSnakku7 the Caller (Demigod Summoner)          Turns: 226, Time: 00:00:21

Health: 0/14       AC:  2    Str:  9    XL:     1   Next: 26%
Magic:  4/5        EV: 12    Int: 17    God:
Gold:   8          SH:  0    Dex: 14    Spells: 2/3 levels left

rFire    . . .     SeeInvis .   (no weapon)
rCold    . . .     Faith    .   (no shield)
rNeg     . . .     Spirit   .   a - +0 robe
rPois    .         Reflect  .   (no helmet)
rElec    .         Harm     .   (no cloak)
rCorr    .         Rampage  .   (no gloves)
Will     .....                  (no boots)
Stlth    ++........             (no amulet)
HPRegen  0.04/turn              (no ring)
MPRegen  0.09/turn              (no ring)

@: no status effects
A: high mp 1, forlorn
a: no special abilities


You were on level 1 of the Dungeon.
You visited 1 branch of the dungeon, and saw 1 of its levels.

You collected 8 gold pieces.

Inventory:

Armour
 a - a +0 robe (worn)


   Skills:
 - Level 1.7 Dodging
 - Level 1.7 Stealth
 - Level 1.7 Spellcasting
 + Level 3.7 Summonings


You had 2 spell levels left.
You knew the following spells:

 Your Spells              Type           Power      Damage    Failure   Level
a - Summon Small Mammal   Summ           56%        N/A       4%          1

Your spell library contained the following spells:

 Spells                   Type           Power      Damage    Failure   Level
 Call Imp                 Summ           14%        N/A       6%          2
 Call Canine Familiar     Summ           14%        N/A       13%         3
 Summon Guardian Golem    Hex/Summ       7%         N/A       28%         3
 Summon Lightning Spire   Summ/Air       7%         N/A       67%         4


Dungeon Overview and Level Annotations

Branches:
Dungeon (1/15)


Innate Abilities, Weirdness & Mutations

Your attributes grow dramatically as you level up.
You have an increased reservoir of magic. (+10% MP)
You shall have no god before yourself.


Message History

Your bat's corpse disappears in a puff of smoke!
The jackal barely misses you.
Your quokka bites the jackal.
You barely miss the jackal.
The jackal is moderately wounded.
The jackal barely misses you.
Your quokka bites the jackal.
The jackal dies!
The jackal bites you but does no damage.
You barely miss the jackal.
The jackal is moderately wounded.
The jackal barely misses you.
Your quokka misses the jackal. You hit the jackal but do no damage.
The jackal is moderately wounded.
The jackal barely misses you.
Your quokka misses the jackal. You hit the jackal but do no damage.
The jackal is moderately wounded.
The jackal barely misses you.
Your quokka bites the jackal but does no damage.
The jackal bites you but does no damage.
You hit the jackal but do no damage.
The jackal is moderately wounded.
Your quokka closely misses the jackal.
The jackal bites you.
You closely miss the jackal.
The jackal is moderately wounded.
The jackal bites you.
* * * LOW HITPOINT WARNING * * *
Your quokka barely misses the jackal.
The jackal bites you but does no damage.
You closely miss the jackal.
The jackal is moderately wounded.
Your quokka closely misses the jackal.
The jackal bites you.
* * * LOW HITPOINT WARNING * * *
Your quokka bites the jackal.
You barely miss the jackal.
The jackal is heavily wounded.
The jackal closely misses you.
Your quokka barely misses the jackal.
You closely miss the jackal.
The jackal is heavily wounded.
The jackal bites you.
You die...

#..# #.........#
#..###.........#
#..............#
#........####..#
#........# #(.###
#..####..# #....# #..#
#..# #..#.# #..#
#..####..#.# #..#
#........#@#
#..####........#h#
#†.............#r#######
#.........###..#.......#
#.........# #..#.#####.#
#..#####..# #..#.# #.#
#..# #..###..#.# #.#
#..# #.......### #h#
#..# #.<.....# ...


You could see a jackal (ally target) and a friendly quokka (summoned).

Vanquished Creatures
  A hobgoblin (D:1)
1 creature vanquished.

Vanquished Creatures (collateral kills)
  A jackal (D:1)
  A ball python (D:1)
2 creatures vanquished.

Grand Total: 3 creatures vanquished

Notes
Turn   | Place    | Note
-------+----------+-------------------------------------------
     0 | D:1      | SnakkuSnakku7 the Demigod Summoner began the quest for the
                  | Orb.
     0 | D:1      | Reached XP level 1. HP: 14/14 MP: 5/5
   226 | D:1      | Slain by a jackal

Illustrated notes

Levels and vault maps discovered:
D:1:      dpeg_arrival_boxorama, layout_loops_ring

Action                   || total
-------------------------++-------
Melee: Unarmed           ||    23
 Cast: Summon Small Mamm ||     3
Armor: Robe              ||     5
Dodge: Dodged            ||    18
